AoeStats
← Doodh_wala

Arena

507090761Analyzed
3v3 RM · 15d ago on Sep 16, 2026· 53m 39s· 6 players
Game mode
Random Map
Map size
Normal (6 player)
Population
200
Speed
Normal
Resources
Standard
Victory
Conquest
Starting age
Dark Age
Ending age
Imperial Age
RankedLock teamsTeams togetherTeam positionsShared explorationLock speedFull tech treeHidden civsTurbo modeCheats
Victory
Defeat
🇧🇩 Persians · Bangladesh
1310
+17
🇻🇳 Italians · Vietnam
1299
+18
🇺🇸 Cumans · United States
1299
+18
🇩🇪 Armenians · Germany
1355
-18
🇩🇪 Cumans · Germany
1342
-18
🇵🇰 Spanish · Pakistan
1320
-17
dl_cucga
8:43 Feudal Age
10:32 Double-Bit Axe
19:05 Castle Age
18:16 Loom
19:37 Fletching
26:45 Wheelbarrow
26:26 Bow Saw
26:02 Horse Collar
31:38 Imperial Age
30:36 Bodkin Arrow
31:52 Ballistics
32:03 Heavy Plow
31:54 Gold Mining
32:54 Parthian Tactics
32:51 Padded Archer Armor
33:56 Chemistry
34:12 Leather Archer Armor
36:36 Thumb Ring
37:02 Ring Archer Armor
37:50 Elite Kipchak
39:15 Scale Barding Armor
39:21 Bloodlines
38:32 Light Cavalry
40:30 Two-Man Saw
40:01 Crop Rotation
39:55 Conscription
40:27 Chain Barding Armor
43:03 Plate Barding Armor
41:50 Hussar
42:41 Forging
43:08 Coinage
45:42 Iron Casting
45:28 Hand Cart
45:51 Gold Shaft Mining
45:07 Stone Mining
44:44 Capped Ram
46:04 Town Watch
47:09 Banking
46:34 Siege Ram
48:52 Blast Furnace
Kamrul007
8:48 Loom
10:57 Feudal Age
16:03 Castle Age
14:22 Double-Bit Axe
14:24 Horse Collar
15:52 Bloodlines
17:27 Scale Barding Armor
19:25 Town Watch
21:46 Forging
22:49 Bow Saw
23:01 Heavy Plow
24:54 Wheelbarrow
24:39 Stone Mining
24:40 Gold Mining
26:20 Stone Shaft Mining
29:41 Gold Shaft Mining
32:03 Imperial Age
29:55 Husbandry
30:39 Hand Cart
31:22 Iron Casting
31:19 Chain Barding Armor
31:26 Murder Holes
31:52 Ballistics
31:43 Cavalier
32:47 Conscription
33:31 Chemistry
33:34 Blast Furnace
33:19 Town Patrol
34:34 Savar
38:49 Plate Barding Armor
38:15 Scale Mail Armor
37:41 Pikeman
38:06 Gambesons
38:22 Squires
38:07 Arson
38:47 Halberdier
40:46 Chain Mail Armor
42:01 Plate Mail Armor
42:05 Crop Rotation
42:38 Two-Man Saw
53:17 Light Cavalry
mryendl2410
11:49 Feudal Age
10:31 Loom
15:33 Castle Age
13:40 Double-Bit Axe
13:49 Horse Collar
21:12 Castle Age
31:47 Gold Mining
34:41 Stone Mining
41:18 Imperial Age
39:36 Squires
39:22 Arson
39:39 Scale Mail Armor
40:47 Chain Mail Armor
40:45 Forging
40:07 Pikeman
42:03 Iron Casting
41:19 Fletching
44:05 Plate Mail Armor
44:35 Wheelbarrow
51:50 Caravan
53:57 Blast Furnace
53:25 Bodkin Arrow
53:31 Bodkin Arrow
53:40 Padded Archer Armor
53:48 Thumb Ring
shuraim930
8:32 Feudal Age
16:20 Double-Bit Axe
16:46 Horse Collar
21:42 Castle Age
20:49 Forging
21:53 Bloodlines
23:27 Gold Mining
25:50 Wheelbarrow
26:21 Scale Barding Armor
27:54 Hand Cart
28:47 Bow Saw
30:13 Gold Shaft Mining
30:25 Chain Barding Armor
31:32 Iron Casting
34:45 Imperial Age
34:50 Cavalier
36:06 Plate Barding Armor
37:37 Paladin
42:38 Blast Furnace
47:39 Light Cavalry
48:34 Hussar
shehrum2014
5:05 Loom
10:28 Feudal Age
14:22 Castle Age
16:34 Loom
21:55 Double-Bit Axe
24:08 Horse Collar
26:56 Wheelbarrow
29:54 Imperial Age
29:39 Padded Archer Armor
31:58 Leather Archer Armor
35:08 Ring Archer Armor
36:08 Hand Cart
40:03 Bow Saw
44:47 Fletching
45:36 Bodkin Arrow
50:36 Bracer
Doodh_wala
9:25 Feudal Age
10:38 Man-at-Arms
11:11 Arson
11:42 Long Swordsman
21:15 Castle Age
19:22 Double-Bit Axe
19:37 Horse Collar
27:20 Bow Saw
27:28 Gold Mining
29:07 Pikeman
29:52 Squires
30:26 Halberdier
31:41 Gambesons
31:59 Scale Mail Armor
33:29 Forging
38:46 Iron Casting
38:27 Chain Mail Armor
42:17 Imperial Age
40:27 Wheelbarrow
46:35 Blast Furnace
46:06 Plate Mail Armor
50:02 Two-Handed Swordsman
50:54 Fereters
51:12 Conscription
51:25 Champion
Connection lost

Rejoining the realm…

Still unreachable

The connection could not be restored.

Session expired

The server has moved on; the page needs a fresh start.